 Dungeon Crawl Stone Soup version 0.31-a0-1178-gc5c9b8f871 (webtiles) character file.

Game seed: 721709784289813709

1400 qw the Skirmisher (level 8, 0/52 HPs)
             Began as a Gargoyle Hunter on Dec 11, 2023.
             Slain by an orc wizard
             ... wielding a +0 dagger
              (3 damage)
             ... on level 6 of the Dungeon.
             The game lasted 00:02:07 (4834 turns).

qw the Skirmisher (Gargoyle Hunter)                 Turns: 4834, Time: 00:02:08

Health: 0/52       AC: 11    Str: 16    XL:     8   Next: 69%
Magic:  8/8        EV: 13    Int:  9    God:
Gold:   337        SH:  0    Dex: 21    Spells: 7/7 levels left

rFire   + . .        a - +0 shortbow
rCold   . . .        (shield currently unavailable)
rNeg    + . .        b - +2 robe {rF+}
rPois   inf          l - +0 helmet {SInv}
rElec   +            c - +0 cloak
rCorr   .            (no gloves)
SInv    +            (no boots)
Will    .....        (no amulet)
Stlth   ++           h - +6 ring of dexterity
HPRegen 0.28/turn    (no ring)
MPRegen 0.11/turn

%: no passive effects
@: no status effects
A: sickness immunity, AC +5, negative energy resistance 1, electricity
resistance, torment resistance 1, petrification resistance
a: no special abilities


You were on level 6 of the Dungeon.
You visited 1 branch of the dungeon, and saw 8 of its levels.

You collected 455 gold pieces.
You spent 118 gold pieces at shops.


Innate Abilities, Weirdness & Mutations

You are immune to sickness and miasma.
Your stone body is resilient. (AC +5)
You are immune to poison.
You resist negative energy. (rN+)
You are resistant to electric shocks. (rElec)
You are resistant to unholy torment.
You are immune to petrification.


   Skills:
 - Level 6.3 Fighting
 + Level 9.1 Ranged Weapons
 - Level 1.0 Armour
 - Level 3.0 Dodging
 - Level 1.1 Stealth


You had 7 spell levels left.
You didn't know any spells.
Your spell library was empty.

Inventory:

Hand Weapons
 a - a +0 shortbow (weapon)
Armour
 b - a +2 robe of fire resistance (worn)
 c - a +0 cloak (worn)
 f - a +2 robe of willpower
 g - a +1 helmet
 l - a +0 helmet of see invisible (worn)
Jewellery
 h - a +6 ring of dexterity (left hand)
Wands
 k - a wand of digging (6)
Potions
 d - 2 potions of haste
 i - a potion of resistance
 j - a potion of enlightenment
 m - a potion of magic {unknown}

Dungeon Overview and Level Annotations

Branches:
Dungeon (8/15)             Temple (0/1) D:6
   Lair: D:8-11

Altars:
Elyvilon
Qazlal
Trog

Shops:
D:4 (   D:5 (   D:8 [

Annotations:
D:5 3 runed translucent doors, qw's ghost, novice GrHu


Message History

The orc warrior hits you with a +0 mace.
The orc misses you.
You shoot an arrow.
The arrow closely misses the orc warrior.
The arrow hits the gnoll.
The gnoll is lightly wounded.
The orc wizard gestures wildly while chanting.
The orc wizard flickers and vanishes for a moment.
The gnoll hits you from afar with a +0 spear.
The gnoll hits you but does no damage. The orc hits you but does no damage.
The orc warrior barely misses you.
You shoot an arrow.
The arrow hits the orc warrior but does no damage.
The orc warrior is heavily wounded.
The orc wizard gestures at you while chanting.
The puff of flame hits you but does no damage.
The gnoll barely misses you. The gnoll hits you but does no damage.
The orc warrior closely misses you. The orc completely misses you.
You shoot an arrow. The arrow hits the orc warrior.
The orc warrior is severely wounded.
The orc wizard hits you but does no damage.
The gnoll hits you but does no damage. x2; The gnoll hits you with a +0 flail.
The orc hits you with a +0 flail.
The orc warrior hits you with a +0 mace.
You shoot an arrow.
The arrow closely misses the orc warrior.
The arrow hits the gnoll!
The gnoll is severely wounded.
The orc wizard points at you and mumbles some strange words.
The puff of flame hits you. You resist.
The gnoll hits you from afar with a +0 spear.
The gnoll hits you but does no damage. The gnoll misses you.
The orc warrior hits you with a +0 mace.
The orc hits you but does no damage.
You shoot an arrow. The arrow hits the orc warrior!
You kill the orc warrior!
The orc hits you with a +0 flail. The gnoll misses you.
The gnoll hits you but does no damage.
The orc wizard hits you with a +0 dagger.
You die...

).# .. #.###[ #.#..
#...# ### #...# ....
#...#########. #....
##...#......... #.#.#
#.<..#.o../...#
....####....#.@.g....#
#..#<.....#go).....#
#.....#####...g....#
##....# #...)....#
..........# #........#
.#.$...#...#
#>........ #..>..###.#
####....## #..... .#
.#### ....... ##


You could see an orc wizard (invisible), 3 gnolls and an orc.

Vanquished Creatures
  A water moccasin (D:7)
  An orc warrior (D:6)
  A black bear (D:5)
  2 ogres
  A centaur (D:7)
  2 kobold brigands
  A bullfrog (D:7)
  A scorpion (D:5)
  2 killer bees (D:8)
  2 orc priests (D:3)
  5 hounds
  A gnoll bouda (D:7)
  2 iguanas
  2 orc wizards
  6 gnolls
  7 adders
  A white imp (D:5)
  2 ufetubi (D:7)
  2 worms (D:3)
  5 dart slugs
  23 orcs
  4 endoplasms
  4 giant cockroaches
  4 hobgoblins
  16 kobolds
  6 quokkas
  8 ball pythons
  2 bats
  3 frilled lizards
  9 goblins
  4 rats
130 creatures vanquished.

Notes
Turn   | Place    | Note
-------+----------+-------------------------------------------
     0 | D:1      | qw the Gargoyle Hunter began the quest for the Orb.
     0 | D:1      | Reached XP level 1. HP: 12/12 MP: 1/1
     0 | D:1      | 0 ||| qw: Version: 0.3-a-106-g2cfff9e
     0 | D:1      | 0 ||| qw: Game counter: 2031
     0 | D:1      | 0 ||| qw: Melee chars always use a shield: true
     0 | D:1      | 0 ||| qw: God list: Okawaru
     0 | D:1      | 0 ||| qw: Allow faded altars: false
     0 | D:1      | 0 ||| qw: Do Orc after clearing Dungeon:15 true
     0 | D:1      | 0 ||| qw: Do second Lair branch before Depths: true
     0 | D:1      | 0 ||| qw: Lair rune preference: random
     0 | D:1      | 0 ||| qw: Goals: Normal, Save, Zot:1-4, Win
     0 | D:1      | 0 ||| PLANNING D:1-11
   261 | D:1      | Reached XP level 2. HP: 17/17 MP: 2/2
   465 | D:1      | Reached XP level 3. HP: 21/21 MP: 3/3
   560 | D:1      | Found a faded altar of an unknown god.
   569 | D:1      | Reached skill level 5 in Ranged Weapons
   845 | D:1      | 845 ||| UPGRADING to +6 ring of dexterity.
   846 | D:1      | 846 ||| READING scroll labelled URAHUISASY.
   847 | D:1      | 847 ||| READING scroll labelled CUCWULL EMATODA.
   848 | D:1      | 848 ||| READING scroll labelled QIEWAN ARID.
   848 | D:1      | 848 ||| IDENTIFYING smoky golden potion
   849 | D:1      | 849 ||| DROPPING scroll of butterflies.
   850 | D:1      | 850 ||| DROPPING potion of degeneration.
  1058 | D:2      | Reached skill level 3 in Fighting
  1438 | D:2      | 1438 ||| UPGRADING to +2 robe of willpower.
  1448 | D:2      | 1448 ||| DROPPING +0 leather armour.
  1449 | D:2      | 1449 ||| UPGRADING to +0 helmet.
  1454 | D:2      | 1454 ||| DROPPING +6 ring of intelligence.
  1455 | D:2      | 1455 ||| READING 2 scrolls of identify.
  1455 | D:2      | 1455 ||| IDENTIFYING sapphire potion
  1456 | D:2      | 1456 ||| READING scroll of identify.
  1456 | D:2      | 1456 ||| IDENTIFYING 2 bubbling emerald potions
  1457 | D:2      | 1457 ||| READING scroll labelled DUDO LIBAH.
  1458 | D:2      | 1458 ||| READING scroll labelled CEWARA GAORITY.
  1459 | D:2      | 1459 ||| DROPPING 2 potions of berserk rage.
  1531 | D:3      | Noticed an ogre
  1538 | D:3      | Killed an ogre
  1539 | D:3      | Reached skill level 6 in Ranged Weapons
  1539 | D:3      | Reached XP level 4. HP: 8/28 MP: 4/4
  1539 | D:3      | Reached XP level 5. HP: 9/32 MP: 5/5
  1779 | D:3      | 1779 ||| FLEEEEING.
  1780 | D:3      | 1780 ||| FLEEEEING.
  1781 | D:3      | 1781 ||| FLEEEEING.
  1782 | D:3      | 1782 ||| FLEEEEING.
  1783 | D:3      | 1783 ||| FLEEEEING.
  1784 | D:3      | 1784 ||| FLEEEEING.
  1785 | D:3      | 1785 ||| FLEEEEING.
  1786 | D:3      | 1786 ||| FLEEEEING.
  1787 | D:3      | 1787 ||| FLEEEEING.
  1788 | D:3      | 1788 ||| FLEEEEING.
  1790 | D:3      | 1790 ||| FLEEEEING.
  1791 | D:3      | 1791 ||| FLEEEEING.
  1792 | D:3      | 1792 ||| FLEEEEING.
  1793 | D:3      | 1793 ||| FLEEEEING.
  1794 | D:3      | 1794 ||| FLEEEEING.
  1795 | D:3      | 1795 ||| FLEEEEING.
  1796 | D:3      | 1796 ||| FLEEEEING.
  1797 | D:3      | 1797 ||| FLEEEEING.
  1800 | D:3      | 1800 ||| FLEEEEING.
  1801 | D:3      | 1801 ||| FLEEEEING.
  1803 | D:3      | 1803 ||| FLEEEEING.
  1804 | D:3      | 1804 ||| FLEEEEING.
  1805 | D:3      | 1805 ||| FLEEEEING.
  1806 | D:3      | 1806 ||| FLEEEEING.
  1807 | D:3      | 1807 ||| FLEEEEING.
  1808 | D:3      | 1808 ||| FLEEEEING.
  1809 | D:3      | 1809 ||| FLEEEEING.
  1810 | D:3      | 1810 ||| FLEEEEING.
  1811 | D:3      | 1811 ||| FLEEEEING.
  1812 | D:3      | 1812 ||| FLEEEEING.
  1814 | D:3      | 1814 ||| FLEEEEING.
  1977 | D:3      | Reached XP level 6. HP: 24/38 MP: 6/6
  2330 | D:3      | Found a bloodstained altar of Trog.
  2408 | D:4      | 2408 ||| STAIRDANCE
  2411 | D:4      | 2411 ||| STAIRDANCE
  2446 | D:4      | 2446 ||| STAIRDANCE
  2468 | D:4      | Found a white marble altar of Elyvilon.
  2519 | D:4      | Found Wijibu Gayra's Antique Weapon Shoppe.
  2796 | D:4      | Reached skill level 7 in Ranged Weapons
  2829 | D:4      | Reached XP level 7. HP: 43/43 MP: 7/7
  3139 | D:4      | 3139 ||| UPGRADING to +0 cloak.
  3144 | D:4      | 3144 ||| READING scroll of identify.
  3144 | D:4      | 3144 ||| IDENTIFYING metallic white potion
  3145 | D:4      | 3145 ||| READING scroll labelled NIYTSE FESOFYPT.
  3145 | D:4      | 3145 ||| ENCHANTING +0 helmet.
  3172 | D:5      | Entered Level 5 of the Dungeon
  3228 | D:5      | Reached skill level 1 in Armour
  3269 | D:5      | Reached skill level 8 in Ranged Weapons
  3303 | D:5      | Found Ippituth's Weapon Shoppe.
  3901 | D:5      | Found a runed translucent gate.
  3902 | D:5      | Found a runed translucent gate.
  3902 | D:5      | Found a runed translucent gate.
  3902 | D:5      | Noticed qw's ghost (novice GrHu)
  4101 | D:5      | 4101 ||| READING 2 scrolls of identify.
  4101 | D:5      | 4101 ||| IDENTIFYING cyan potion
  4102 | D:5      | 4102 ||| READING scroll of identify.
  4102 | D:5      | 4102 ||| IDENTIFYING sedimented puce potion
  4103 | D:5      | 4103 ||| DRINKING 2 white potions.
  4104 | D:5      | 4104 ||| DROPPING potion of attraction.
  4134 | D:6      | Found a staircase to the Ecumenical Temple.
  4135 | D:6      | 4135 ||| PLANNING TEMPLE
  4140 | D:6      | You fall into a shaft and drop 2 floors!
  4141 | D:8      | Found Fucudaf's Antique Armour Shop.
  4149 | D:8      | 4149 ||| BUYING runed robe (118 gold).
  4149 | D:8      | Bought a runed robe for 118 gold pieces
  4171 | D:8      | 4171 ||| RETREEAATING.
  4178 | D:8      | HP: 11/44 [killer bee (5)]
  4179 | D:8      | 4179 ||| DRINKING bubbling black potion.
  4188 | D:8      | Reached XP level 8. HP: 31/50 MP: 8/8
  4376 | D:8      | Found a stormy altar of Qazlal.
  4428 | D:8      | 4428 ||| UPGRADING to +2 robe of fire resistance.
  4439 | D:8      | 4439 ||| FLEEEEING.
  4440 | D:8      | 4440 ||| FLEEEEING.
  4441 | D:8      | 4441 ||| STAIRDANCE
  4506 | D:7      | 4506 ||| Stepping ~*~*~tactically~*~*~ (retreating).
  4645 | D:7      | Reached skill level 9 in Ranged Weapons
  4693 | D:7      | Reached skill level 3 in Dodging
  4734 | D:7      | Reached skill level 6 in Fighting
  4804 | D:7      | 4804 ||| UPGRADING to +0 helmet of see invisible.
  4829 | D:6      | 4829 ||| DRINKING potion of curing.
  4829 | D:6      | 4829 ||| (to cure confusion)
  4833 | D:6      | HP: 9/52 [gnoll/+0 spear (5)]
  4833 | D:6      | HP: 3/52 [orc warrior/+0 mace (6)]
  4834 | D:6      | Slain by an orc wizard

Levels and vault maps discovered:
D:1:      amcnicky_arrival_underground_garden, layout_basic,
          basic_ecumenical_altar, chequers_serial_rivers_micro_b
D:2:      layout_basic, amcnicky_mini_corridor_feature
D:3:      layout_basic, trog_book
D:4:      kennysheep_six_static_rooms, layout_basic, elyvilon_altar_3,
          serial_shops, shop
D:5:      layout_loops_ring, serial_shops, nicolae_shop_bloodbath_and_beyond,
          gammafunk_ghost_nasty_kobolds
D:6:      layout_rooms, gammafunk_temple_overflow_forgotten,
          nicolae_ashenzari_skybound, minmay_temple_entry_tees,
          nrook_mini_vaults
D:7:      layout_cave_pods, nicolae_overflow_hidden_temple, cheibriados_altar_1,
          minitemple
D:8:      layout_loops_ring, mainiacjoe_overflow_cross_hatched,
          mainiacjoe_overflow_alcove_4, david_lair_shrubbed, serial_shops, shop,
          shop, shop_fountains, nicolae_shop_pleasant_corner_grove,
          billiards_dpeg

Skill      XL: |  1  2  3  4  5  6  7  8 |
---------------+-------------------------+-----
Ranged Weapons | 6 7 8 9 |  9.1
Fighting       | 3 4 5 6 |  6.3
Dodging        | 2 3 |  3.0
Armour         | 1 |  1.0
Stealth        | |  1.1

Action                     |  1- 3 |  4- 6 |  7- 9 || total
---------------------------+-------+-------+-------++-------
   Fire: Shortbow          |   104 |   142 |   262 ||   508
    Use: Scroll            |     7 |       |     4 ||    11
         Potion            |       |       |     3 ||     3
 Armour: Leather armour    |    22 |       |       ||    22
         Robe              |     1 |    29 |   131 ||   161
  Dodge: Dodged            |    19 |    26 |   138 ||   183

Table legend:
 A = Non-vault XP
 B = Vault XP
 C = Vault XP percentage of total XP
 D = Non-vault monster count
 E = Vault monster count
 F = Vault count percentage of total count
                 A         B        C        D         E       F
            +---------+---------+-------+---------+---------+-------
      Total |    1987 |     150 |   7.0 |     124 |       6 |   4.6
            +---------+---------+-------+---------+---------+-------
        D:1 |      42 |       0 |   0.0 |      17 |       0 |   0.0
        D:2 |      37 |       0 |   0.0 |      14 |       0 |   0.0
        D:3 |     299 |       0 |   0.0 |      33 |       0 |   0.0
        D:4 |     201 |     150 |  42.7 |      18 |       6 |  25.0
        D:5 |     396 |       0 |   0.0 |       9 |       0 |   0.0
        D:6 |     139 |       0 |   0.0 |       2 |       0 |   0.0
        D:7 |     638 |       0 |   0.0 |      22 |       0 |   0.0
        D:8 |     235 |       0 |   0.0 |       9 |       0 |   0.0
            +---------+---------+-------+---------+---------+-------
